 Dungeon Crawl Stone Soup version 0.21-a0-258-g4c0eb85 (webtiles) character file.

17 Spazmo the Firebug (level 2, -6/15 HPs)
             Began as a Deep Elf Fire Elementalist on Sept 6, 2017.
             Killed from afar by Sigmund (9 damage)
             ... with a puff of flame
             ... on level 2 of the Dungeon.
             The game lasted 00:03:56 (741 turns).

Spazmo the Firebug (Deep Elf Fire Elementalist)      Turns: 741, Time: 00:03:56

Health: -6/15      AC:  3    Str:  5    XL:     2   Next: 44%
Magic:  2/8        EV: 13    Int: 19    God:
Gold:   72         SH:  0    Dex: 15    Spells: 5/8 levels left

rFire    . . .     SeeInvis .   d - +0 dagger
rCold    . . .     Gourm    .   (no shield)
rNeg     . . .     Faith    .   a - +0 robe
rPois    .         Spirit   .   (no helmet)
rElec    .         Reflect  .   (no cloak)
rCorr    .         Harm     .   h - +0 pair of gloves
MR       .....                  (no boots)
Stlth    +.........             (no amulet)
HPRegen  0.05/turn              (no ring)
MPRegen  0.11/turn              (no ring)

@: confused, very slightly contaminated, invisible
A: no striking features
a: no special abilities


You were on level 2 of the Dungeon.
You were not hungry.

You visited 1 branch of the dungeon, and saw 2 of its levels.

You collected 72 gold pieces.

Inventory:

Hand Weapons
 d - a +0 dagger (weapon)
Missiles
 e - 17 stones (quivered)
Armour
 a - a +0 robe (worn)
 h - a +0 pair of gloves (worn)
Scrolls
 i - a scroll of immolation {unknown}
 j - 2 scrolls of magic mapping {unknown}
 m - a scroll of identify {unknown}
Potions
 k - a potion of lignification {unknown}
Books
 b - a book of Flames

   Spells                             Type                      Level
   a - Flame Tongue                   Conjuration/Fire             1
   b - Throw Flame                    Conjuration/Fire             2
   c - Conjure Flame                  Conjuration/Fire             3
   d - Inner Flame                    Hexes/Fire                   3
   e - Sticky Flame                   Conjuration/Fire             4
   f - Fireball                       Conjuration/Fire             5
Comestibles
 c - a bread ration
 g - a meat ration
 l - 2 chunks of flesh


   Skills:
 + Level 2.5 Dodging
 + Level 2.5 Stealth
 * Level 3.5 Spellcasting
 * Level 1.7 Conjurations
 * Level 3.5 Fire Magic


You had 5 spell levels left.
You knew the following spells:

 Your Spells              Type           Power        Failure   Level  Hunger
a - Flame Tongue          Conj/Fire      ##...        4%          1    None
b - Throw Flame           Conj/Fire      ##....       8%          2    ##.....


Dungeon Overview and Level Annotations

Branches:
Dungeon (2/15)

Altars:

Annotations:
D:2 Sigmund


Message History

Aim: Sigmund, wielding a scythe of protection and wearing a robe (severely wounded)
The flame tongue hits Sigmund.
Sigmund appears unharmed.
Sigmund is severely wounded.
Sigmund hits you from afar with a scythe of protection.
* * * LOW HITPOINT WARNING * * *
It was a potion of invisibility.
You fade into invisibility!
Sigmund screams, "Don't try to resist!"
Sigmund gestures at something while chanting.
You resist with significant effort.
Sigmund casts a spell.
Sigmund flickers and vanishes!
Deactivating autopickup; reactivate with Ctrl-A.
You are confused.
You bump into the rock wall.
You bump into the rock wall.
A puff of flame appears from out of thin air!
The puff of flame hits you!
Ouch! That really hurt!
You die...

######
##########....###################
................@...............†
##########....##########...######
#....# #...##.... ######
#.......## #.......## ###.....##
#.....## #......# ######.#


There were no monsters in sight!

Vanquished Creatures
  2 dart slugs (D:1)
  A leopard gecko (D:2)
  A giant cockroach (D:1)
  3 goblins (D:1)
  A hobgoblin (D:2)
  A ball python (D:2)
  2 frilled lizards
  A rat (D:1)
12 creatures vanquished.

Notes
Turn   | Place    | Note
-------+----------+-------------------------------------------
     0 | D:1      | Spazmo the Deep Elf Fire Elementalist began the quest for the Orb.
     0 | D:1      | Reached XP level 1. HP: 10/10 MP: 6/6
     2 | D:1      | Noticed a formicid
     4 | D:1      | Noticed an ogre
     4 | D:1      | Noticed a gargoyle
     6 | D:1      | Noticed an octopode
     6 | D:1      | Noticed a felid
     8 | D:1      | Noticed a vine stalker
     8 | D:1      | Noticed a halfling
    10 | D:1      | Noticed an elf
    10 | D:1      | Noticed a merfolk
    12 | D:1      | Noticed a minotaur
    14 | D:1      | Noticed a naga
    16 | D:1      | Noticed a human
    16 | D:1      | Noticed a spriggan
    18 | D:1      | Noticed a tengu
    20 | D:1      | Noticed a draconian
    20 | D:1      | Noticed a centaur
    22 | D:1      | Noticed a troll
    22 | D:1      | Noticed a ghoul
    24 | D:1      | Noticed a vampire
    24 | D:1      | Noticed a demigod
    26 | D:1      | Noticed a dwarf
    26 | D:1      | Noticed a demonspawn
   244 | D:1      | Reached XP level 2. HP: 15/15 MP: 6/8
   248 | D:1      | Learned a level 2 spell: Throw Flame
   641 | D:2      | Noticed Sigmund
   741 | D:2      | Killed from afar by Sigmund

Vault maps used:
D:1:      kb_arrival_jail
D:2:      first_bread, uniq_sigmund, uniq_natasha

Action                   || total
-------------------------++-------
 Cast: Flame Tongue      ||    22
  Use: Potion            ||     1
Dodge: Dodged            ||     4

Table legend:
 A = Spawn XP
 B = Non-spawn XP
 C = Spawn XP percentage of total XP
 D = Spawn monster count
 E = Non-spawn monster count
 F = Spawn count percentage of total count
 G = Total turns spent on level
                    A         B        C        D         E        F      G
               +---------+---------+-------+---------+---------+-------+---------
         Total |       0 |      25 |   0.0 |       0 |      12 |   0.0 |   741
               +---------+---------+-------+---------+---------+-------+---------
           D:1 |       0 |      18 |   0.0 |       0 |       8 |   0.0 |   595
           D:2 |       0 |       7 |   0.0 |       0 |       4 |   0.0 |   146
               +---------+---------+-------+---------+---------+-------+---------
